 Dungeon Crawl Stone Soup version 0.29-a0-664-gff9cad4a3d (webtiles) character file.

Game seed: 15566279882332112893

47920 DocClef the Bludgeoner (level 14, -17/84 HPs)
             Began as a Vine Stalker Fighter on June 22, 2022.
             Was the Champion of Okawaru.
             Killed from afar by a fire dragon (26 damage)
             ... with a blast of flame
             ... on level 6 of the Lair of Beasts.
             The game lasted 00:25:55 (14480 turns).

DocClef the Bludgeoner (Vine Stalker Fighter)      Turns: 14480, Time: 00:25:56

Health: -17/84     AC: 26    Str: 37    XL:     14   Next: 44%
Magic:  0/23       EV:  9    Int:  8    God:    Okawaru [******]
Gold:   2110       SH:  6    Dex: 17    Spells: 13/13 levels left

rFire   . . .      SeeInvis .   F - +2 morningstar (freeze)
rCold   + + .      Faith    .   c - +0 buckler
rNeg    . . .      Spirit   +   H - +5 gold dragon scales
rPois   +          Reflect  .   N - +1 hat of the Solstice {Str+3 Dex+3}
rElec   .          Harm     .   w - +0 cloak
rCorr   .          Rampage  .   z - +0 pair of gloves
Will    +++..                   x - +0 pair of boots
Stlth   ..........              (no amulet)
HPRegen 1.04/turn               D - ring of Mizogum {Ice Contam Will++ Str+4}
MPRegen 0.18/turn               y - +6 ring of strength

@: heroic, finesse-ful
A: fangs 3, regeneration 1, magic shield, antimagic bite, no potion heal 2,
horns 1, high MP 1
a: Renounce Religion, Heroism, Finesse, Duel


You were on level 6 of the Lair of Beasts.
You worshipped Okawaru.
Okawaru was exalted by your worship.
You visited 3 branches of the dungeon, and saw 16 of its levels.
You also visited: Sewer, Gauntlet and Ice Cave.

You collected 2110 gold pieces.

Inventory:

Hand Weapons
 F - a +2 morningstar of freezing (weapon)
 G - a +0 demon blade
Missiles
 O - a throwing net (quivered)
Armour
 c - a +0 buckler (worn)
 w - a +0 cloak (worn)
 x - a +0 pair of boots (worn)
 z - a +0 pair of gloves (worn)
 H - +5 gold dragon scales (worn)
 I - a +1 tower shield of poison resistance
 N - the +1 hat of the Solstice (worn) {Str+3 Dex+3}
   (Okawaru gifted it to you on level 1 of the Lair of Beasts)

   Str:       It affects your strength (+3).
   Dex:       It affects your dexterity (+3).
Jewellery
 l - a ring of poison resistance
 n - a ring of magical power
 o - a ring of wizardry
 y - a +6 ring of strength (right hand)
 A - the amulet of Curiosity {Faith Harm rElec rC- MP+9}
   (You found it in a Gauntlet)

   [amulet of faith]

   It allows you to gain divine favour quickly.
   rC:        It makes you vulnerable to cold.
   rElec:     It insulates you from electricity.
   MP:        It affects your magic capacity (+9).
   Harm:      It increases damage dealt and taken.
 B - a ring of see invisible
 D - the ring of Mizogum (left hand) {Ice Contam Will++ Str+4}
   (You took it off a minotaur in a Gauntlet)

   [ring of ice]

   It enhances your ice magic.
   Str:       It affects your strength (+4).
   rF:        It makes you vulnerable to fire.
   rC:        It protects you from cold.
   Contam:    It causes magical contamination when unequipped.
   Will:      It greatly increases your willpower.
 J - a +6 ring of strength
Wands
 r - a wand of charming (28)
 C - a wand of iceblast (5)
 E - a wand of quicksilver (23)
 M - a wand of polymorph (9)
Scrolls
 e - 8 scrolls of teleportation
 i - a scroll of fear
 j - 18 scrolls of identify
 q - 3 scrolls of poison
 s - 3 scrolls of magic mapping
 u - 2 scrolls of fog
 R - a scroll of blinking
Potions
 b - 3 potions of brilliance
 d - 3 potions of might
 f - 2 potions of invisibility
 g - 3 potions of mutation
 h - 2 potions of resistance
 k - a potion of ambrosia
 m - 4 potions of curing
 t - 2 potions of magic
 v - 6 potions of haste
 P - a potion of flight
 Q - a potion of lignification
Miscellaneous
 a - a phial of floods (inert)
 K - a lightning rod (4/4)
 L - a phial of floods (inert)


   Skills:
 + Level 14.3(19.3) Fighting
 - Level 16.1(21.1) Maces & Flails
 - Level 2.4(7.4) Armour
 - Level 2.6(7.6) Shields
 - Level 9.0 Invocations


You had 13 spell levels left.
You didn't know any spells.
Your spell library contained the following spells:

 Spells                   Type           Power      Damage    Failure   Level
 Ensorcelled Hibernation  Hex/Ice        0%         N/A       100%        2
 Static Discharge         Conj/Air       0%         N/A       100%        2
 Sublimation of Blood     Necr           0%         N/A       100%        2
 Wereblood                Tmut           0%         N/A       100%        2
 Gell's Gravitas          Tloc           0%         N/A       100%        3
 Ignite Poison            Fire/Tmut/Pois 0%         N/A       100%        3
 Lesser Beckoning         Tloc           0%         N/A       100%        3
 Mephitic Cloud           Conj/Pois/Air  0%         N/A       100%        3
 Ozocubu's Armour         Ice            0%         N/A       100%        3
 Spider Form              Tmut/Pois      0%         N/A       100%        3
 Teleport Other           Tloc           0%         N/A       100%        3
 Anguish                  Hex/Necr       0%         N/A       100%        4
 Leda's Liquefaction      Hex/Erth       0%         N/A       100%        4
 Petrify                  Tmut/Erth      0%         N/A       100%        4
 Freezing Cloud           Conj/Ice/Air   0%         6-21      100%        5
 Irradiate                Conj/Tmut      0%         3d13      100%        5
 Iskenderun's Battlesphe  Conj           0%         2d6       100%        5
 Lee's Rapid Deconstruct  Erth           0%         3d5*      100%        5
 Lightning Bolt           Conj/Air       0%         1d11      100%        5
 Iron Shot                Conj/Erth      0%         9d1       100%        6
 Statue Form              Tmut/Erth      0%         N/A       100%        6
 Ozocubu's Refrigeration  Ice            0%         4d5       100%        7
 Maxwell's Capacitive Co  Air            0%         ∞         100%        8
 Summon Small Mammal      Summ           Unusable   N/A       N/A         1
 Call Canine Familiar     Summ           Unusable   N/A       N/A         3
 Summon Guardian Golem    Hex/Summ       Unusable   N/A       N/A         3
 Spellforged Servitor     Conj/Summ      Unusable   N/A       N/A         7
 Summon Hydra             Summ           Unusable   N/A       N/A         7

Dungeon Overview and Level Annotations

Branches:
Dungeon (9/15)             Temple (1/1) D:6            Lair (6/6) D:9
  Swamp (0/4) Lair:4        Snake (0/4) Lair:2          Orc (0/2) D:9
  Sewer (visited)           IceCv (visited)         Gauntlet (visited)
  Slime: Lair:5-6

Altars:
Ashenzari
Cheibriados
Dithmenos
Elyvilon
Fedhas
Gozag
Hepliaklqana
Kikubaaqudgha
Makhleb
Nemelex Xobeh
Okawaru
Qazlal
Ru
Sif Muna
Trog
Uskayaw
Vehumet
Wu Jian
Xom
Yredelemnul
Zin
The Shining One

Annotations:
D:2 1 runed translucent door, Crazy Yiuf


Innate Abilities, Weirdness & Mutations

You have razor-sharp teeth.
Your natural rate of healing is unusually fast.
When hurt, damage is shared between your health and your magic reserves.
Your bite disrupts and absorbs the magic of your enemies.
Potions cannot restore your health.
You have a pair of small horns on your head.
You have an increased reservoir of magic. (+10% MP)


Message History

The swamp dragon closely misses you.
The swamp dragon tramples you but does no damage.
The fire dragon bites you but does no damage.
The fire dragon claws you.
* * * LOW HITPOINT WARNING * * *
The fire dragon tramples you!
* * * LOW HITPOINT WARNING * * *
You hold your ground!
Unknown command.
You barely miss the fire dragon.
The fire dragon is lightly wounded.
Unknown command.
You don't have enough magic at the moment.
You puncture the plant! You freeze the plant. You headbutt the plant.
You bite the plant! You drain its power.
The plant is lightly damaged.
The fire dragon bites you!
* * * LOW HITPOINT WARNING * * *
You block the fire dragon's attack.
The fire dragon tramples you but does no damage.
The swamp dragon bites you but does no damage.
The swamp dragon claws you but does no damage.
The swamp dragon tramples you.
* * * LOW HITPOINT WARNING * * *
You stumble backwards!
You don't have enough magic at the moment.
You puncture the swamp dragon! You freeze the swamp dragon.
The swamp dragon is moderately wounded.
A nearby plant withers and dies.
Unknown command.
You hit the swamp dragon. You freeze the swamp dragon.
Your bite misses the swamp dragon.
The swamp dragon is moderately wounded.
Unknown command.
You closely miss the swamp dragon. Your headbutt misses the swamp dragon.
You bite the swamp dragon, but do no damage.
The swamp dragon is moderately wounded.
The fire dragon breathes flames at you. The blast of flame hits you!!
You die...

♣♣♣♣♣♣
♣♣♣..P.♣♣
♣.♣≈≈≈..♣♣
♣♣[≈≈≈≈≈P(♣
♣♣♣..≈≈♣♣≈≈..♣
♣♣.D.≈≈♣♣
.≈≈.♣
♣♣.@§D.♣♣
.≈≈≈..
♣..(≈≈♣♣ ≈≈≈≈.
♣♣..≈≈♣♣ ≈≈.♣♣
♣♣.♣.♣≈♣
♣...P.≈♣♣
♣P.P?≈..♣
♣♣.♣♣≈≈≈≈.♣
♣P.♣≈≈♣♣≈≈P♣
♣♣≈.≈♣♣ .≈≈♣


You could see a fire dragon (catching breath) and a swamp dragon.

Vanquished Creatures
  A frost giant (IceCv)
  A minotaur (Gauntlet)
  Josephine (Lair:4)
  A hydra (Lair:2)
  2 boulder beetles (Lair:4)
  A centaur warrior (D:9)
  13 death yaks
  An orange crystal statue (Gauntlet)
  2 bog bodies (Lair:4)
  2 ugly things
  A shining eye (Gauntlet)
  A manticore (shapeshifter) (D:9)
  3 black mambas (Lair:2)
  5 elephants (Lair:5)
  An ice statue (IceCv)
  Maggie (D:7)
  12 cane toads
  12 rime drakes
  6 komodo dragons
  4 polar bears (IceCv)
  A hornet (D:9)
  2 blink frogs (Lair:5)
  2 shadows (D:9)
  4 wraiths (Lair:4)
  A ynoxinul (Gauntlet)
  8 wyverns
  52 yaks
  3 basilisks (Lair:3)
  5 steam dragons
  A swamp worm (Lair:4)
  2 two-headed ogre zombies (D:9)
  Menkaure (D:7)
  6 acid dragons
  12 water moccasins
  2 floating eyes (Gauntlet)
  3 orc warriors
  2 ice beasts (D:7)
  4 black bears
  4 centaurs
  4 ogres
  19 wolves
  2 kobold brigands
  2 necrophages
  14 bullfrogs
  5 scorpions
  2 troll zombies (D:9)
  12 killer bees
  2 howler monkeys
  An electric eel (Lair:4)
  12 orc priests
  6 hounds
  2 gnoll shamans
  2 jellies (D:7)
  4 iron imps (Gauntlet)
  Natasha (thrice) (D:3)
  6 iguanas
  Ijyb (D:3)
  15 orc wizards
  4 ogre zombies (D:9)
  6 gnolls
  6 adders
  2 river rats (Sewer)
  2 shadow imps
  4 white imps
  An ufetubus (D:6)
  9 worms
  3 dart slugs
  47 orcs
  12 ball pythons
  8 bats
  7 endoplasms
  4 giant cockroaches
  6 hobgoblins
  5 jackals
  26 kobolds
  6 quokkas
  4 frilled lizards
  12 goblins
  A goblin skeleton (D:9)
  5 goblin zombies (D:9)
  A hobgoblin skeleton (D:9)
  2 hobgoblin zombies (D:9)
  2 orc skeletons (D:9)
  14 orc zombies (D:9)
  13 rats
512 creatures vanquished.

Vanquished Creatures (others)
  An orc (D:7)
  34 fungi
  74 plants
109 creatures vanquished.

Grand Total: 621 creatures vanquished

Notes
Turn   | Place    | Note
-------+----------+-------------------------------------------
     0 | D:1      | DocClef the Vine Stalker Fighter began the quest for the
                  | Orb.
     0 | D:1      | Reached XP level 1. HP: 11/11 MP: 2/2
    50 | D:1      | Reached XP level 2. HP: 11/16 MP: 3/3
   390 | D:1      | Gained mutation: You have a pair of small horns on your
                  | head. [potion of mutation]
   390 | D:1      | Gained mutation: You have an increased reservoir of magic.
                  | (+10% MP) [potion of mutation]
   626 | D:1      | Reached XP level 3. HP: 21/21 MP: 4/4
  1014 | D:1      | Found a faded altar of an unknown god.
  1266 | D:2      | Gained mutation: Your natural rate of healing is unusually
                  | fast. [Vine Stalker growth]
  1266 | D:2      | Reached XP level 4. HP: 18/26 MP: 3/5
  1664 | D:2      | Reached skill level 5 in Fighting
  1664 | D:2      | Reached XP level 5. HP: 30/30 MP: 6/6
  1748 | D:2      | Found a runed translucent door.
  1749 | D:2      | Noticed Crazy Yiuf
  1908 | D:3      | Noticed Natasha
  1912 | D:3      | Killed Natasha
  1920 | D:3      | Found a broken altar of Ashenzari.
  1964 | D:3      | Noticed Natasha
  1969 | D:3      | Killed Natasha
  1970 | D:3      | Reached XP level 6. HP: 36/36 MP: 7/7
  1984 | D:3      | Noticed Natasha
  1988 | D:3      | Killed Natasha
  2015 | D:3      | Noticed Ijyb
  2030 | D:3      | Killed Ijyb
  2144 | D:3      | Found a glowing drain.
  2149 | Sewer    | Entered a sewer
  2814 | D:4      | Reached XP level 7. HP: 25/42 MP: 3/8
  2982 | D:4      | You fall into a shaft and drop 3 floors!
  3142 | D:5      | Entered Level 5 of the Dungeon
  3148 | D:5      | Reached skill level 2 in Maces & Flails
  3241 | D:4      | Reached skill level 3 in Maces & Flails
  3241 | D:4      | Gained mutation: You have razor-sharp teeth. [Vine Stalker
                  | growth]
  3241 | D:4      | Reached XP level 8. HP: 41/47 MP: 9/9
  3328 | D:4      | Reached skill level 4 in Maces & Flails
  4045 | D:5      | Reached skill level 5 in Maces & Flails
  4235 | D:5      | Reached skill level 6 in Maces & Flails
  4274 | D:5      | Identified a scroll of acquirement
  4274 | D:5      | Acquired 1043 gold pieces
  4453 | D:5      | Found a snail-covered altar of Cheibriados.
  4599 | D:5      | Found a glowing golden altar of the Shining One.
  4600 | D:5      | Found a shimmering blue altar of Sif Muna.
  5149 | D:6      | Reached skill level 7 in Maces & Flails
  5151 | D:6      | Reached XP level 9. HP: 51/51 MP: 10/10
  5359 | D:6      | Reached skill level 8 in Maces & Flails
  5483 | D:6      | Found a staircase to the Ecumenical Temple.
  5519 | Temple   | Entered the Ecumenical Temple
  5610 | Temple   | Became a worshipper of Warmaster Okawaru
  5739 | D:7      | Noticed Maggie
  5739 | D:7      | Noticed Menkaure
  5930 | D:7      | Noticed a brown ugly thing
  5948 | D:7      | Killed a brown ugly thing
  5948 | D:7      | Reached * piety under Okawaru
  5949 | D:7      | Reached skill level 9 in Maces & Flails
  6036 | D:7      | Killed Maggie
  6037 | D:7      | Reached skill level 10 in Maces & Flails
  6122 | D:7      | Reached XP level 10. HP: 56/56 MP: 12/12
  6297 | D:7      | Reached ** piety under Okawaru
  6403 | D:7      | Reached skill level 11 in Maces & Flails
  6721 | D:7      | Killed Menkaure
  7104 | D:8      | Found a sacrificial altar of Ru.
  7104 | D:8      | Found a hide-covered altar of Uskayaw.
  7112 | D:8      | Found a glowing silver altar of Zin.
  7114 | D:8      | Found a faded altar of an unknown god.
  7116 | D:8      | Found a faded altar of an unknown god.
  7277 | D:8      | Reached *** piety under Okawaru
  7511 | D:9      | Reached skill level 12 in Maces & Flails
  7589 | D:9      | Reached **** piety under Okawaru
  7678 | D:9      | Found a radiant altar of Vehumet.
  7793 | D:9      | Reached skill level 13 in Maces & Flails
  7793 | D:9      | Reached XP level 11. HP: 37/60 MP: 9/13
  7830 | D:9      | Noticed a centaur warrior
  7831 | D:9      | Noticed a manticore
  7837 | D:9      | Noticed a cyan ugly thing
  7838 | D:9      | Killed a manticore
  7847 | D:9      | Killed a centaur warrior
  7847 | D:9      | Reached ***** piety under Okawaru
  7869 | D:8      | Killed a cyan ugly thing
  8100 | D:9      | Found a staircase to the Orcish Mines.
  8120 | D:9      | Reached skill level 14 in Maces & Flails
  8385 | D:9      | Found a staircase to the Lair.
  8438 | Lair:1   | Entered Level 1 of the Lair of Beasts
  8460 | Lair:1   | Found a gate leading to a gauntlet.
  8470 | Gauntlet | Entered a Gauntlet
  8470 | Gauntlet | Found a transporter.
  8470 | Gauntlet | Found a transporter.
  8470 | Gauntlet | Found a transporter.
  8492 | Gauntlet | Noticed a shining eye
  8499 | Gauntlet | Found a transporter.
  8502 | Gauntlet | Found a transporter.
  8510 | Gauntlet | Found a transporter.
  8514 | Gauntlet | Found a transporter.
  8516 | Gauntlet | Noticed an orange crystal statue
  8521 | Gauntlet | Found a transporter.
  8539 | Gauntlet | Found a transporter.
  8545 | Gauntlet | Found a transporter.
  8547 | Gauntlet | Found a transporter.
  8553 | Gauntlet | Noticed a moth of wrath
  8558 | Gauntlet | Found a transporter.
  8684 | Gauntlet | Killed a shining eye
  8684 | Gauntlet | Received a gift from Okawaru
  8685 | Gauntlet | Paralysed by a floating eye for 3 turns
  8717 | Gauntlet | Reached skill level 15 in Maces & Flails
  8738 | Gauntlet | Noticed a tengu warrior
  8746 | Gauntlet | Killed an orange crystal statue
  8750 | Gauntlet | Identified the amulet of Curiosity {Faith Harm rElec rC-
                  | MP+9}
  8762 | Gauntlet | Identified the ring of Mizogum {Ice Contam Will++ Str+4}
  8762 | Gauntlet | Noticed a minotaur
  8773 | Gauntlet | Killed a minotaur
  9087 | Lair:1   | Reached XP level 12. HP: 39/64 MP: 10/14
  9147 | Lair:1   | Identified the +1 hat of the Solstice {Str+3 Dex+3}
                  | (Okawaru gifted it to you on level 1 of the Lair of Beasts)
  9147 | Lair:1   | Received a gift from Okawaru
  9244 | Lair:1   | Reached skill level 16 in Maces & Flails
  9736 | Lair:2   | Found a frozen archway.
  9755 | IceCv    | Entered an ice cave
  9777 | IceCv    | Noticed a death yak
  9791 | IceCv    | Killed a death yak
  9906 | IceCv    | Noticed a death yak
  9906 | IceCv    | Noticed a death yak
  9913 | IceCv    | Killed a death yak
  9917 | IceCv    | Killed a death yak
  9918 | IceCv    | Reached skill level 10 in Fighting
 10098 | IceCv    | Noticed a death yak
 10109 | IceCv    | Killed a death yak
 10141 | IceCv    | Noticed a death yak
 10154 | IceCv    | Killed a death yak
 10213 | IceCv    | Noticed a death yak
 10223 | IceCv    | Killed a death yak
 10223 | IceCv    | Reached ****** piety under Okawaru
 10228 | IceCv    | Reached XP level 13. HP: 53/74 MP: 15/15
 10265 | IceCv    | Noticed a frost giant
 10287 | IceCv    | Killed a frost giant
 10299 | IceCv    | Received a gift from Okawaru
 10792 | Lair:2   | Found a staircase to the Snake Pit.
 11712 | Lair:3   | Received a gift from Okawaru
 11800 | Lair:3   | You fall into a shaft and drop 2 floors!
 12026 | Lair:5   | Reached skill level 1 in Invocations
 12505 | Lair:4   | Noticed Josephine
 12512 | Lair:4   | Killed Josephine
 12513 | Lair:4   | Reached skill level 5 in Invocations
 12517 | Lair:4   | Reached XP level 14. HP: 84/84 MP: 20/20
 13169 | Lair:4   | Received a gift from Okawaru
 13191 | Lair:4   | Found a staircase to the Swamp.
 14272 | Lair:6   | Entered Level 6 of the Lair of Beasts
 14480 | Lair:6   | Killed from afar by a fire dragon

Illustrated notes

Levels and vault maps discovered:
D:1:      kennysheep_arrival_seaside, layout_rooms,
          dreamdust_ecumenical_altar_grove
D:2:      layout_rooms, minmay_joined_circles, uniq_crazy_yiuf_cottage
D:3:      layout_rooms, mainiacjoe_overflow_chevrons, gup_sewer_entry_bowl,
          uniq_natasha, uniq_ijyb
D:4:      layout_loops_ring, minmay_misc_feat_encased, nicolae_zen_rock_garden
D:5:      layout_layer_cave, mainiacjoe_overflow_paths,
          nicolae_overflow_squiral, hangedman_abyss_or_decor_lesser_grid
D:6:      layout_basic, minmay_temple_entry_stoned_glass
D:7:      layout_rooms, st_stairs_6, nzn_random_ring, uniq_menkaure, uniq_maggie
D:8:      layout_loops_cross, chequers_temple_overflow_minitemple
D:9:      minmay_distorted_concentric_squares, layout_basic,
          nicolae_vehumet_altar_sigil, zombieorc2_lemuel
Temple:   eino_temple_water
Lair:1:   layout_loops_ring, gauntlet_entry_generic, lemuel_fruit_tree
Lair:2:   layout_long_grid, minmay_snake_entry_six_corridors,
          portal_ice_cave_rime, minmay_holes, chequers_serial_rivers_micro_d,
          serial_bayou_shore_b
Lair:3:   layout_gridlike
Lair:4:   layout_roguey, nicolae_swamp_entry_splash_gauntlet,
          beast_lair_carwin_7, uniq_josephine
Lair:5:   layout_regular_city
Lair:6:   hangedman_lair_in_review, layout_regular_city,
          guppyfry_lair_end_dragon, dpeg_slime_entry_enclosed,
          serial_bayou_lagoon_b

Skill      XL: |  1  2  3  4  5  6  7  8  9 10 11 12 13 14 |
---------------+-------------------------------------------+-----
Fighting       | 3 4 5 7 8 11 14 | 14.3
Maces & Flails | 3 7 10 13 15 16 | 16.1
Invocations    | 5 9 |  9.0
Armour         | |  2.4
Shields        | |  2.6

Action                   |  1- 3 |  4- 6 |  7- 9 | 10-12 | 13-15 || total
-------------------------+-------+-------+-------+-------+-------++-------
Melee: Flail             |    66 |    80 |       |       |       ||   146
       Bite              |    12 |    41 |    71 |   172 |   139 ||   435
       Headbutt          |     5 |    26 |    51 |   109 |    79 ||   270
       Morningstar       |       |   143 |   277 |   497 |   367 ||  1284
Invok: Heroism           |       |       |     1 |     7 |     5 ||    13
       Finesse           |       |       |       |     2 |     2 ||     4
Evoke: Lightning rod     |       |       |       |       |     1 ||     1
       Phial of floods   |       |       |       |       |     1 ||     1
  Use: Scroll            |     2 |     3 |     8 |     5 |     5 ||    23
       Potion            |     1 |     5 |     1 |     6 |     2 ||    15
Armor: Scale mail        |     4 |       |       |       |       ||     4
       Chain mail        |    49 |   147 |   176 |    56 |       ||   428
       Plate armour      |       |       |       |   120 |       ||   120
       Gold dragon scale |       |       |       |    90 |   191 ||   281
Dodge: Dodged            |    24 |    78 |   113 |   152 |    64 ||   431
Block: Buckler           |    19 |    60 |    67 |    84 |    58 ||   288

Table legend: (Time is in decaauts)
 A = Elapsed time spent in this place.
 B = Non-inter-level travel time spent in this place.
 C = Inter-level travel time spent in this place.
 D = Time resting spent in this place.
 E = Time spent auto-exploring this place.
 F = Levels seen in this place.
 G = Mean time per level.
                   A        B        C        D        E       F      G
               +--------+--------+--------+--------+--------+-----+--------+
         Total |  14570 |  14054 |    516 |    390 |  10345 |  19 |  766.8 |
       Dungeon |   8067 |   7744 |    323 |    216 |   5664 |   9 |  896.3 |
        Temple |    108 |     92 |     16 |      0 |     76 |   1 |  108.0 |
          Lair |   4757 |   4580 |    177 |     36 |   3800 |   6 |  792.8 |
         Sewer |    491 |    491 |      0 |      0 |    283 |   1 |  491.0 |
      Ice Cave |    744 |    744 |      0 |    138 |    316 |   1 |  744.0 |
      Gauntlet |    401 |    401 |      0 |      0 |    205 |   1 |  401.0 |
               +--------+--------+--------+--------+--------+-----+--------+

Top non-repeatable levels by time:
     D:1: 1283 daAuts
  Lair:4: 1039 daAuts
     D:4: 1037 daAuts
  Lair:2: 1028 daAuts
     D:5: 1007 daAuts
     D:7: 999 daAuts
     D:6: 993 daAuts
  Lair:5: 919 daAuts
  Lair:1: 865 daAuts
     D:9: 841 daAuts
     D:8: 763 daAuts
   IceCv: 744 daAuts
  Lair:3: 740 daAuts
     D:2: 631 daAuts
     D:3: 510 daAuts
